 Dungeon Crawl Stone Soup version 0.29-a0-322-g68df515428 (webtiles) character file.

Game seed: 10877703298871409978

317 Flugslaktarn the Stinger (level 6, -3/44 HPs)
             Began as a Human Venom Mage on Apr 6, 2022.
             Slain by Menkaure (14 damage)
             ... on level 4 of the Dungeon.
             The game lasted 00:09:07 (1603 turns).

Flugslaktarn the Stinger (Human Venom Mage)         Turns: 1603, Time: 00:09:07

Health: -3/44      AC:  2    Str:  8    XL:     6   Next: 73%
Magic:  9/10       EV: 16    Int: 17    God:
Gold:   172        SH:  0    Dex: 14    Spells: 4/10 levels left

rFire   . . .      SeeInvis .   c - +3 trident
rCold   + . .      Faith    .   (no shield)
rNeg    . . .      Spirit   .   a - +0 robe
rPois   .          Reflect  .   (no helmet)
rElec   .          Harm     .   (no cloak)
rCorr   .          Rampage  .   (no gloves)
Will    .....                   (no boots)
Stlth   ++........              (no amulet)
HPRegen 0.14/turn               p - ring of protection from cold
MPRegen 0.12/turn               v - +4 ring of evasion

@: about to teleport
A: no striking features
a: no special abilities


You were on level 4 of the Dungeon.
You visited 1 branch of the dungeon, and saw 5 of its levels.

You collected 172 gold pieces.

Inventory:

Hand Weapons
 c - a +3 trident (weapon)
   (You found it on level 1 of the Dungeon)
 f - a +1 dagger of venom
   (You took it off an orc wizard on level 3 of the Dungeon)
Armour
 a - a +0 robe (worn)
Jewellery
 p - a ring of protection from cold (left hand)
   (You found it on level 3 of the Dungeon)
 v - a +4 ring of evasion (right hand)
   (You found it on level 4 of the Dungeon)
Scrolls
 e - a scroll of immolation
 g - a scroll of summoning {unknown}
 k - a scroll of enchant weapon {unknown}
Potions
 b - a potion of magic
 h - a potion of haste
 i - a potion of flight
 q - 3 potions of curing


   Skills:
 - Level 2.0 Fighting
 - Level 2.0 Polearms
 - Level 2.0 Dodging
 - Level 2.0 Stealth
 * Level 2.8 Spellcasting
 * Level 1.9 Conjurations
 - Level 2.0 Transmutations
 - Level 2.0 Air Magic
 + Level 4.3 Poison Magic


You had 4 spell levels left.
You knew the following spells:

 Your Spells              Type           Power      Damage    Failure   Level
a - Sting                 Tmut/Pois      52%        1d5       4%          1
b - Poisonous Vapours     Pois/Air       26%        N/A       8%          2
c - Mephitic Cloud        Conj/Pois/Air  11%        N/A       17%         3

Your spell library contained the following spells:

 Spells                   Type           Power      Damage    Failure   Level
 Olgreb's Toxic Radiance  Pois           17%        N/A       30%         4


Dungeon Overview and Level Annotations

Branches:
Dungeon (5/15)
 Temple: D:4-7

Altars:
Okawaru
Xom

Annotations:
D:3 exclusion: downstairs
D:4 exclusion: acid dragon, Menkaure


Message History

Casting: Sting (safe; 4% risk of failure)
Confirm with . or Enter, or press ? or * to list all spells.
Aiming: Sting (safe; 4% risk of failure)
Press: ? - help, Shift-Dir - straight line, f/p - orc
Aim: an orc, wielding a +0 flail and wearing a +0 leather armour (71% to hit)
The sting hits the orc but does no damage.
The orc is poisoned.
The orc wizard points at you and mumbles some strange words.
The magic dart hits you.
An orc comes into view. It is wielding a +0 hand axe.
An ufetubus comes into view.
The ufetubus shouts!
The orc closely misses you.
You climb upwards.
Level annotation: exclusion: acid dragon, Menkaure
There is a stone staircase leading down here.
You hit the orc.
You kill the orc!
No target in view!
Things that are here:
a +0 flail; a +0 leather armour; an orc corpse Your magical contamination has completely faded away.
A quokka comes into view.
Casting: Sting (safe; 4% risk of failure)
Confirm with . or Enter, or press ? or * to list all spells.
Aiming: Sting (safe; 4% risk of failure)
Press: ? - help, Shift-Dir - straight line, f - quokka
Aim: a quokka (60% to hit)
The sting hits the quokka.
The quokka is poisoned.
The quokka is almost dead.
You kill the quokka!
A jackal comes into view. x2
The jackal barks!
You hear a bark!
You hit the jackal.
The jackal is heavily wounded.
The jackal barely misses you. The jackal bites you.
You barely miss the jackal.
The jackal is heavily wounded.
The jackal barely misses you. The jackal bites you.
You hit the jackal.
The jackal is heavily wounded.
The jackal bites you but does no damage.
You puncture the jackal!
You kill the jackal!
You closely miss the jackal. The jackal completely misses you.
The jackal misses you.
You completely miss the jackal. The jackal barely misses you.
The jackal misses you.
You barely miss the jackal. Your punch misses the jackal.
The jackal closely misses you.
You hit the jackal.
You kill the jackal!
You see here a jackal corpse.
HP restored.
Menkaure and a jackal come into view.
The jackal barks!
Menkaure shouts!
Menkaure shouts, "The sands of time shall wipe you from history!"
Menkaure casts a spell.
Menkaure seems to speed up.
Unknown command.
You aren't carrying any items that you can evoke.
Unknown command.
Casting: Sting (safe; 4% risk of failure)
Confirm with . or Enter, or press ? or * to list all spells.
Aiming: Sting (safe; 4% risk of failure)
Press: ? - help, Shift-Dir - straight line, f - jackal
Aim: a jackal (64% to hit)
The sting hits the jackal but does no damage.
The jackal is poisoned.
The jackal bites you.
A jackal comes into view.
You hit the jackal.
You kill the jackal!
Menkaure points at you and mumbles some strange words.
Pain shoots through your body!
You aren't carrying any items that you can evoke.
Unknown command.
Okay, then.
Reach: c) +3 trident
Press: ? - help, Dir - move target, f - Menkaure
Aim: Menkaure (fast, about 23% to evade your +3 trident)
You reach to attack!
You barely miss Menkaure. You hit Menkaure.
Menkaure is moderately damaged.
Menkaure hits you! x2
* * * LOW HITPOINT WARNING * * *
Unknown command.
Unknown command.
Unknown command.
Press: ? - help, v - describe, . - travel, g - get item
Here: Menkaure (moderately damaged, fast) Item here: a jackal corpse.
The floor.
Unknown command.
Okay, then.
You feel much better. Menkaure hits you!
* * * LOW HITPOINT WARNING * * *
As you read the scroll of teleportation, it crumbles to dust.
You feel strangely unstable. Menkaure hits you!
You die...

##..## ##...#
##........... #..##
###.##
#..#########.
#..###### ##.#
##.## ## #.......##
#.####.## #
###..###.####.#.†##
#### ##.###...##
#......## ##....##
# ##..@# ##. ##.M#
..# ###h# ..# #.#
#.# #.# #.# #..
#.## #. #.<### #.
##...######


You could see Menkaure (fast) and a jackal.

Vanquished Creatures
  A scorpion (D:4)
  A hound (D:4)
  2 jellies (D:5)
  2 iguanas (D:4)
  An orc wizard (D:3)
  4 adders
  3 worms
  A dart slug (D:1)
  2 orcs
  6 ball pythons
  4 endoplasms
  6 goblins
  2 hobgoblins
  3 jackals (D:4)
  2 kobolds (D:3)
  2 quokkas
  6 bats
  2 frilled lizards
  A rat (D:3)
51 creatures vanquished.

Notes
Turn   | Place    | Note
-------+----------+-------------------------------------------
     0 | D:1      | Flugslaktarn the Human Venom Mage began the quest for the
                  | Orb.
     0 | D:1      | Reached XP level 1. HP: 13/13 MP: 3/3
   102 | D:1      | Reached XP level 2. HP: 19/19 MP: 1/5
   105 | D:1      | Learned a level 2 spell: Poisonous Vapours
   316 | D:3      | Reached XP level 3. HP: 20/25 MP: 6/6
   333 | D:3      | Found an iron altar of Okawaru.
   388 | D:4      | Noticed Menkaure
   479 | D:4      | Reached skill level 1 in Fighting
   479 | D:4      | Reached skill level 1 in Polearms
   479 | D:4      | Reached skill level 1 in Air Magic
   479 | D:4      | Reached XP level 4. HP: 4/32 MP: 2/7
   675 | D:3      | Found a shimmering altar of Xom.
   710 | D:3      | Reached XP level 5. HP: 23/37 MP: 1/8
   802 | D:2      | Found a faded altar of an unknown god.
  1043 | D:4      | Reached skill level 4 in Poison Magic
  1047 | D:4      | Learned a level 3 spell: Mephitic Cloud
  1162 | D:4      | Reached XP level 6. HP: 18/44 MP: 3/9
  1229 | D:5      | Entered Level 5 of the Dungeon
  1284 | D:5      | Reached skill level 1 in Conjurations
  1360 | D:4      | Noticed an acid dragon
  1509 | D:4      | You fall into a shaft and drop 1 floor!
  1512 | D:5      | Noticed a black bear
  1603 | D:4      | Slain by Menkaure

Illustrated notes

Levels and vault maps discovered:
D:1:      dpeg_arrival_radiant, layout_rooms
D:2:      layout_loops_corners, shapermc_ecumenical_altar_totnotflames,
          uniq_jessica
D:3:      layout_loops_ring, xom_confusion_cloud, okawaru_metal_pillars_3
D:4:      layout_layer_cave, minmay_tree_intersection,
          minmay_misc_feat_secret_circle, minmay_manual_mess, uniq_menkaure
D:5:      layout_cave_pools, marbit_many_paths, mainiacjoe_overflow_alcove_3

Skill      XL: |  1  2  3  4  5  6 |
---------------+-------------------+-----
Transmutations | 2 |  2.0
Fighting       | 1 2 |  2.0
Polearms       | 1 2 |  2.0
Air Magic      | 1 2 |  2.0
Poison Magic   | 4 |  4.3
Conjurations   | 1 |  1.9
Dodging        | |  2.0
Stealth        | |  2.0
Spellcasting   | |  2.8

Action                   |  1- 3 |  4- 6 || total
-------------------------+-------+-------++-------
Melee: Trident           |    43 |    62 ||   105
 Cast: Sting             |    11 |    29 ||    40
       Poisonous Vapours |     1 |     8 ||     9
       Mephitic Cloud    |       |     1 ||     1
  Use: Potion            |     2 |     2 ||     4
       Scroll            |       |     6 ||     6
 Stab: Sleeping          |     6 |     2 ||     8
       Confused          |       |     1 ||     1
Armor: Robe              |     9 |     7 ||    16
Dodge: Dodged            |    23 |    38 ||    61

Table legend: (Time is in decaauts)
 A = Elapsed time spent in this place.
 B = Non-inter-level travel time spent in this place.
 C = Inter-level travel time spent in this place.
 D = Time resting spent in this place.
 E = Time spent auto-exploring this place.
 F = Levels seen in this place.
 G = Mean time per level.
                   A        B        C        D        E       F      G
               +--------+--------+--------+--------+--------+-----+--------+
         Total |   1616 |   1450 |    166 |      0 |      0 |   5 |  323.2 |
       Dungeon |   1616 |   1450 |    166 |      0 |      0 |   5 |  323.2 |
               +--------+--------+--------+--------+--------+-----+--------+

Top non-repeatable levels by time:
     D:3: 596 daAuts
     D:4: 580 daAuts
     D:2: 191 daAuts
     D:5: 135 daAuts
     D:1: 112 daAuts
